AoeStats
← The_Shad

Pilgrims

509497590Analyzed
2v2 RM · 7d ago on Sep 27, 2026· 41m 0s· 4 players
Game mode
Random Map
Map size
Medium (4 player)
Population
200
Speed
Normal
Resources
Standard
Victory
Conquest
Starting age
Dark Age
Ending age
Imperial Age
RankedLock teamsTeams togetherTeam positionsShared explorationLock speedFull tech treeHidden civsTurbo modeCheats
Victory
Defeat
🇨🇦 Spanish · Canada
1170
+15
🇨🇦 Saxons · Canada
1163
+15
🇺🇸 Muisca · United States
1145
-16
🇺🇸 Armenians · United States
1132
-14
Kingzuggy
7:23 Loom
11:23 Feudal Age
11:30 Man-at-Arms
13:17 Forging
16:11 Wheelbarrow
15:59 Scale Mail Armor
15:49 Double-Bit Axe
22:18 Arson
26:48 Castle Age
25:57 Horse Collar
27:18 Long Swordsman
27:47 Gambesons
28:36 Bow Saw
28:51 Squires
32:02 Chain Mail Armor
34:32 Gold Mining
37:21 Iron Casting
38:44 Hand Cart
38:13 Fishing Lines
39:47 Heavy Plow
40:57 Gold Shaft Mining
41:10 Gillnets
The_Shad
11:16 Feudal Age
9:34 Loom
18:22 Castle Age
17:44 Double-Bit Axe
17:50 Gold Mining
27:40 Scale Barding Armor
27:47 Forging
32:44 Chain Barding Armor
33:00 Iron Casting
34:31 Wheelbarrow
34:29 Bow Saw
34:01 Horse Collar
36:20 Bloodlines
36:11 Husbandry
38:51 Imperial Age
36:08 Town Watch
36:55 Stone Mining
42:12 Blast Furnace
41:48 Plate Barding Armor
40:45 Cavalier
gangstacamel
3:27 Loom
12:44 Feudal Age
13:15 Arson
14:46 Town Watch
14:49 Man-at-Arms
16:28 Forging
16:06 Long Swordsman
18:41 Scale Mail Armor
26:39 Fletching
28:12 Wheelbarrow
32:07 Castle Age
30:15 Double-Bit Axe
32:19 Crossbowman
34:19 Bow Saw
33:55 Fishing Lines
37:36 Gold Mining
38:22 Bodkin Arrow
39:24 Hand Cart
40:37 Ballistics
40:53 Squires
_kurtosis_
7:46 Loom
12:40 Feudal Age
13:05 Champi Runner
17:01 Scale Mail Armor
17:14 Forging
17:36 Scale Mail Armor
18:23 Fletching
22:04 Wheelbarrow
23:18 Padded Archer Armor
27:02 Castle Age
27:17 Elite Skirmisher
28:14 Leather Archer Armor
27:55 Bodkin Arrow
Connection lost

Rejoining the realm…

Still unreachable

The connection could not be restored.

Session expired

The server has moved on; the page needs a fresh start.